AoeStats
← Homer

Lombardia

510020047Analyzed
3v3 RM · 5d ago on Sep 29, 2026· 104m 54s· 6 players
Game mode
Random Map
Map size
Normal (6 player)
Population
200
Speed
Normal
Resources
Standard
Victory
Conquest
Starting age
Dark Age
Ending age
Imperial Age
RankedLock teamsTeams togetherTeam positionsShared explorationLock speedFull tech treeHidden civsTurbo modeCheats
Victory
Defeat
🇳🇮 Gurjaras · Nicaragua
1271
+16
🇳🇮 Varangians · Nicaragua
1149
+21
🇳🇮 Varangians · Nicaragua
1134
+21
🇦🇷 Vietnamese · Argentina
1293
-21
🇵🇪 Poles · Peru
1269
-20
🇦🇷 Sicilians · Argentina
1200
-17
Nabuco
10:48 Feudal Age
15:02 Loom
20:25 Castle Age
18:33 Double-Bit Axe
18:35 Horse Collar
20:15 Bloodlines
20:24 Scale Barding Armor
23:51 Husbandry
26:15 Chain Barding Armor
27:29 Heavy Plow
28:48 Wheelbarrow
29:38 Forging
33:12 Iron Casting
34:05 Vendel Legacy
38:05 Imperial Age
36:05 Gold Mining
39:25 Plate Barding Armor
38:17 Cavalier
40:26 Blast Furnace
40:37 Hand Cart
40:55 Crop Rotation
41:36 Scale Mail Armor
41:30 Stone Mining
44:06 Chain Mail Armor
44:01 Pikeman
44:42 Squires
44:27 Arson
44:28 Gambesons
45:19 Conscription
45:06 Halberdier
48:12 Elite Varangian Guard
49:35 Plate Mail Armor
54:24 Bow Saw
54:17 Gothikon
57:03 Fletching
57:14 Padded Archer Armor
57:38 Ballistics
58:19 Chemistry
57:03 Elite Skirmisher
57:57 Bodkin Arrow
60:11 Bracer
60:38 Murder Holes
60:54 Masonry
70:07 Two-Man Saw
71:53 Caravan
71:19 Capped Ram
72:34 Siege Ram
79:10 Architecture
96:25 Fortified Wall
96:21 Siege Engineers
Homer
8:51 Loom
10:37 Feudal Age
14:28 Double-Bit Axe
21:32 Castle Age
21:02 Bloodlines
21:20 Forging
24:07 Gold Mining
25:02 Horse Collar
26:31 Bow Saw
27:06 Scale Barding Armor
30:04 Town Watch
32:26 Chain Barding Armor
33:32 Heavy Plow
34:36 Wheelbarrow
38:49 Imperial Age
36:35 Hand Cart
36:57 Iron Casting
36:40 Stone Mining
36:51 Fletching
37:05 Husbandry
38:59 Heavy Camel Rider
40:50 Plate Barding Armor
42:04 Chemistry
41:26 Ballistics
45:21 Bodkin Arrow
48:16 Bracer
54:00 Light Cavalry
56:18 Hussar
61:35 Caravan
64:29 Conscription
65:11 Kshatriyas
65:53 Crop Rotation
71:56 Elite Chakram Thrower
72:41 Scale Mail Armor
72:30 Arson
75:07 Chain Mail Armor
78:35 Plate Mail Armor
82:49 Frontier Guards
83:16 Masonry
85:33 Siege Elephant
97:29 Architecture
YaNkEe0885
10:22 Feudal Age
10:35 Loom
14:50 Castle Age
13:54 Double-Bit Axe
20:54 Fletching
25:25 Padded Archer Armor
26:19 Bodkin Arrow
28:42 Horse Collar
30:53 Leather Archer Armor
30:54 Husbandry
32:44 Ballistics
32:39 Bloodlines
35:17 Wheelbarrow
39:25 Imperial Age
37:08 Heavy Plow
39:34 Heavy Mounted Crossbowman
39:40 Cranequins
40:54 Hand Cart
40:57 Bow Saw
42:52 Chemistry
43:55 Bracer
44:45 Masonry
44:03 Elite Varangian Guard
44:43 Squires
44:05 Man-at-Arms
49:42 Crop Rotation
50:29 Ring Archer Armor
50:10 Gambesons
50:29 Gold Mining
50:31 Stone Mining
55:11 Scale Mail Armor
55:22 Forging
55:10 Gothikon
56:14 Conscription
55:15 Vendel Legacy
55:34 Cavalier
56:50 Scale Barding Armor
58:59 Chain Mail Armor
59:22 Iron Casting
59:08 Chain Barding Armor
61:38 Blast Furnace
62:38 Plate Barding Armor
61:26 Light Cavalry
62:14 Hussar
69:33 Caravan
70:38 Two-Man Saw
77:40 Pikeman
78:28 Halberdier
82:39 Chain Mail Armor
85:25 Plate Mail Armor
103:05 Fortified Wall
103:35 Architecture
103:11 Siege Engineers
juanjemer
9:01 Loom
11:10 Feudal Age
11:37 Man-at-Arms
13:49 Double-Bit Axe
14:02 Horse Collar
19:13 Wheelbarrow
20:00 Town Watch
24:26 Castle Age
23:27 Fletching
24:28 Gold Mining
25:23 Crossbowman
25:59 Bodkin Arrow
27:16 Bow Saw
28:56 Padded Archer Armor
33:43 Ballistics
34:05 Hand Cart
36:00 Heavy Plow
35:33 Pikeman
37:02 Thumb Ring
41:32 Imperial Age
41:33 Leather Archer Armor
41:30 Forging
41:38 Arbalester
42:20 Bracer
43:25 Chemistry
44:30 Ring Archer Armor
48:15 Elite Skirmisher
50:07 Two-Man Saw
49:25 Scale Mail Armor
56:16 Masonry
56:12 Siege Engineers
57:11 Bloodlines
57:02 Husbandry
56:22 Light Cavalry
58:36 Halberdier
59:16 Squires
63:24 Scale Barding Armor
63:54 Iron Casting
62:55 Imperial Skirmisher
65:52 Chain Mail Armor
65:57 Chain Barding Armor
66:11 Crop Rotation
67:10 Fortified Wall
66:41 Treadmill Crane
69:51 Chatras
70:12 Paper Money
70:29 Hoardings
70:35 Town Patrol
71:10 Plate Mail Armor
71:16 Plate Barding Armor
70:39 Elite Battle Elephant
71:55 Coinage
71:33 Caravan
82:27 Elite Rattan Archer
90:07 Banking
LAO9
7:11 Loom
10:52 Feudal Age
12:27 Horse Collar
12:37 Double-Bit Axe
19:17 Castle Age
18:10 Bloodlines
18:15 Gold Mining
20:41 Forging
20:38 Scale Barding Armor
21:03 Husbandry
23:34 Iron Casting
25:36 Chain Barding Armor
28:49 Wheelbarrow
29:48 Fletching
33:30 Town Watch
33:46 Heavy Plow
33:59 Bow Saw
35:31 Stone Mining
38:52 Imperial Age
38:13 Bodkin Arrow
39:11 Szlachta Privileges
38:56 Cavalier
40:45 Blast Furnace
40:35 Crop Rotation
40:44 Hand Cart
40:48 Town Patrol
42:10 Conscription
43:49 Bracer
43:16 Light Cavalry
46:30 Lechitic Legacy
49:44 Murder Holes
50:10 Ballistics
50:51 Chemistry
54:05 Winged Hussar
67:55 Chemistry
70:11 Siege Engineers
74:57 Caravan
80:50 Capped Ram
81:42 Siege Ram
92:19 Masonry
96:51 Man-at-Arms
99:04 Long Swordsman
99:47 Scale Mail Armor
101:02 Two-Handed Swordsman
102:18 Champion
104:14 Chain Mail Armor
Mysa_
9:35 Loom
11:21 Feudal Age
17:06 Castle Age
25:55 Horse Collar
30:00 Wheelbarrow
29:23 Double-Bit Axe
30:23 Heavy Plow
30:21 Town Watch
32:08 Bloodlines
31:58 Husbandry
32:26 Scale Barding Armor
32:46 Forging
33:31 Chain Barding Armor
33:15 Gold Mining
35:13 Iron Casting
35:30 Bow Saw
39:50 Imperial Age
37:38 Hand Cart
38:16 Gold Shaft Mining
38:27 Town Patrol
40:01 Cavalier
41:29 Plate Barding Armor
41:26 Conscription
43:04 Blast Furnace
42:04 Pikeman
43:46 Hauberk
43:25 Halberdier
44:06 Squires
44:10 Scale Mail Armor
44:06 Gambesons
44:48 Light Cavalry
47:23 Chain Mail Armor
48:11 Arson
48:58 Plate Mail Armor
48:28 Fletching
55:44 Caravan
55:39 Elite Skirmisher
56:21 Padded Archer Armor
58:00 Bodkin Arrow
58:20 Leather Archer Armor
59:24 Bracer
60:45 Chemistry
59:32 Imperial Skirmisher
84:29 Elite Serjeant
102:11 Man-at-Arms
103:14 Murder Holes
103:00 Long Swordsman
103:51 Two-Handed Swordsman
Connection lost

Rejoining the realm…

Still unreachable

The connection could not be restored.

Session expired

The server has moved on; the page needs a fresh start.